3AAA
INDIANAPOLIS RACERS @ ELLENBURG FIGHTING DACHSUNDS
09/18/2039
 
TOP OF THE 1ST
Indianapolis Racers batting - Pitching for Ellenburg Fighting Dachsunds : RHP César Albó
Pitching: RHP César Albó
Batting: LHB Roberto Vázquez 0-0: Ball
1-0: Foul Ball, location: 2F
1-1: Ball
2-1: SINGLE (Line Drive, 8RS, EV 108.8 MPH)
Batting: RHB Roberto Vázquez 0-0: Ball
1-0: SINGLE (Groundball, 56, EV 100.0 MPH)
Roberto Vázquez to second
Runner from 2nd tries for 3rd, SAFE, no throw by LF
Batting: RHB Mathew Mayo 0-0: Ball
1-0: Foul Ball, location: 2F
1-1: SINGLE (Groundball, 4MD, EV 101.9 MPH)
Roberto Vázquez scores
Roberto Vázquez to second
Runner from 2nd tries for 3rd, SAFE, throw by CF made to third
Batting: LHB Gong Mao 0-0: Swinging Strike
0-1: Ball
1-1: Ball
2-1: Foul Ball, location: 2F
2-2: Foul Ball, location: 2F
2-2: Foul Ball, location: 2F
2-2: Foul Ball, location: 2F
2-2: Strikes out swinging
Batting: RHB Axel Ruschmeyer 0-0: Called Strike
0-1: Fly out, F7 (Flyball, 78D, EV 101.2 MPH)
Runner from 3rd tags up, SCORES, no throw by LF
Batting: RHB Spartak Gonjarov 0-0: Ground out 1-3 (Groundball, 34S, EV 83.1 MPH)
Top of the 1st over - 2 runs, 3 hits, 0 errors, 1 left on base; Indianapolis 2 - Ellenburg 0
BOTTOM OF THE 1ST
Ellenburg Fighting Dachsunds batting - Pitching for Indianapolis Racers : RHP Yan van der Meijden
Pitching: RHP Yan van der Meijden
Batting: LHB Tony Worley 0-0: Ball
1-0: Ball
2-0: Ball
3-0: Called Strike
3-1: Foul Ball, location: 2F
3-2: Foul Ball, location: 2F
3-2: Foul Ball, location: 2F
3-2: Foul Ball, location: 2F
3-2: Foul Ball, location: 2F
3-2: Base on Balls
Batting: RHB Jorge Japón 0-0: Ball
1-0: SINGLE (Line Drive, 4D, EV 99.4 MPH)
Tony Worley to second
Batting: LHB Chet Clifton 0-0: Foul Ball, location: 2F
0-1: Called Strike
0-2: Fly out, F8 (Flyball, 8RD, EV 82.5 MPH)
Batting: RHB Dean Bush 0-0: Foul Ball, location: 2F
0-1: Ball
1-1: DOUBLE (Line Drive, 9LS, EV 96.2 MPH)
Tony Worley scores
Jorge Japón to third
Batting: LHB Leslie Small 0-0: Called Strike
0-1: Ball
1-1: Foul Ball, location: 2F
1-2: Ball
2-2: Ball
3-2: Strikes out swinging
Batting: SHB Theron Montecalvo 0-0: Called Strike
0-1: Foul Ball, location: 2F
0-2: Ball
1-2: Strikes out looking
Bottom of the 1st over - 1 run, 2 hits, 0 errors, 2 left on base; Indianapolis 2 - Ellenburg 1
TOP OF THE 2ND
Indianapolis Racers batting - Pitching for Ellenburg Fighting Dachsunds : RHP César Albó
Batting: RHB Ruby Rhod 0-0: Fly out, F7 (Line Drive, 7D, EV 92.5 MPH)
Batting: RHB Jong-beom Chang 0-0: Called Strike
0-1: Fly out, F6 (Popup, 6MS, EV 75.0 MPH)
Batting: RHB Dale Epner 0-0: Ball
1-0: Called Strike
1-1: Ball
2-1: Ground out 4-3 (Groundball, 4S, EV 84.4 MPH)
Top of the 2nd over - 0 runs, 0 hits, 0 errors, 0 left on base; Indianapolis 2 - Ellenburg 1
BOTTOM OF THE 2ND
Ellenburg Fighting Dachsunds batting - Pitching for Indianapolis Racers : RHP Yan van der Meijden
Batting: RHB Leonard Hammond 0-0: Ball
1-0: Ground out 4-3 (Groundball, 34, EV 103.8 MPH)
Batting: LHB Lowell Evans 0-0: Ball
1-0: Ball
2-0: Swinging Strike
2-1: Swinging Strike
2-2: SINGLE (Line Drive, 7LS, EV 90.0 MPH)
Batting: RHB Miguel Montés 0-0: Ball
1-0: Ball
2-0: Called Strike
2-1: Foul Ball, location: 2F
2-2: Foul Ball, location: 2F
2-2: Strikes out swinging
Batting: LHB Tony Worley 0-0: Ball
Lowell Evans steals 2nd base
1-0: Ball
2-0: Called Strike
2-1: Foul Ball, location: 2F
2-2: SINGLE (Line Drive, 4MD, EV 93.8 MPH)
Lowell Evans to third
Runner from 3rd tries for Home, SAFE, throw by CF to home
Batting: RHB Jorge Japón 0-0: Foul Ball, location: 2F
0-1: Called Strike
0-2: Strikes out looking
Bottom of the 2nd over - 1 run, 2 hits, 0 errors, 1 left on base; Indianapolis 2 - Ellenburg 2
TOP OF THE 3RD
Indianapolis Racers batting - Pitching for Ellenburg Fighting Dachsunds : RHP César Albó
Batting: LHB Roberto Vázquez 0-0: Ball
1-0: Foul Ball, location: 2F
1-1: Foul Ball, location: 2F
1-2: Ground out 6-3 (Groundball, 6M, EV 104.4 MPH)
Batting: RHB Roberto Vázquez 0-0: SINGLE (Groundball, 56D, EV 93.8 MPH)
Batting: RHB Mathew Mayo 0-0: Swinging Strike
0-1: Foul Ball, location: 2F
0-2: Ball
1-2: Foul Ball, location: 2F
1-2: Ball
2-2: Strikes out swinging
Batting: LHB Gong Mao 0-0: Called Strike
Roberto Vázquez steals 2nd base
0-1: Ball
1-1: Foul Ball, location: 2F
1-2: Strikes out looking
Top of the 3rd over - 0 runs, 1 hit, 0 errors, 1 left on base; Indianapolis 2 - Ellenburg 2
BOTTOM OF THE 3RD
Ellenburg Fighting Dachsunds batting - Pitching for Indianapolis Racers : RHP Yan van der Meijden
Batting: LHB Chet Clifton 0-0: Foul Ball, location: 2F
0-1: Foul Ball, location: 2F
0-2: Foul Ball, location: 2F
0-2: DOUBLE (Groundball, 5L, EV 105.6 MPH)
Batting: RHB Dean Bush 0-0: DOUBLE (Line Drive, 8RXD, EV 100.0 MPH)
Chet Clifton scores
Batting: LHB Leslie Small 0-0: Swinging Strike
0-1: Swinging Strike
0-2: Foul Ball, location: 2F
0-2: Ball
1-2: Ball
2-2: Foul Ball, location: 2F
2-2: Foul Ball, location: 2F
2-2: Foul Ball, location: 2F
2-2: Strikes out swinging
Batting: SHB Theron Montecalvo 0-0: Called Strike
0-1: Ball
1-1: Ball
Dean Bush steals 3rd base
2-1: Fly out, F7 (Flyball, 7LD, EV 97.5 MPH)
Runner from 3rd tags up, OUT at HOME! 7-2
Bottom of the 3rd over - 1 run, 2 hits, 0 errors, 0 left on base; Indianapolis 2 - Ellenburg 3
TOP OF THE 4TH
Indianapolis Racers batting - Pitching for Ellenburg Fighting Dachsunds : RHP César Albó
Batting: RHB Axel Ruschmeyer 0-0: Called Strike
0-1: Ball
1-1: SINGLE (Flyball, 78S, EV 85.0 MPH)
Batting: RHB Spartak Gonjarov 0-0: Swinging Strike
0-1: Ball
1-1: Ball
2-1: Grounds into double play, 4-6-3 (Groundball, 4, EV 86.9 MPH)
Batting: RHB Ruby Rhod 0-0: Foul Ball, location: 2F
0-1: Ball
1-1: Ball
2-1: Swinging Strike
2-2: Ball
3-2: Strikes out swinging
Top of the 4th over - 0 runs, 1 hit, 0 errors, 0 left on base; Indianapolis 2 - Ellenburg 3
BOTTOM OF THE 4TH
Ellenburg Fighting Dachsunds batting - Pitching for Indianapolis Racers : RHP Yan van der Meijden
Batting: RHB Leonard Hammond 0-0: Called Strike
0-1: Fly out, F9 (Flyball, 89M, EV 83.1 MPH)
Batting: LHB Lowell Evans 0-0: Ball
1-0: Ball
2-0: Ball
3-0: Base on Balls
Batting: RHB Miguel Montés 0-0: Ball
1-0: Called Strike
1-1: Fly out, F8 (Flyball, 8RD, EV 101.9 MPH)
Batting: LHB Tony Worley 0-0: Called Strike
0-1: Ball
1-1: Ball
2-1: Called Strike
2-2: Foul Ball, location: 2F
2-2: Strikes out swinging
Bottom of the 4th over - 0 runs, 0 hits, 0 errors, 1 left on base; Indianapolis 2 - Ellenburg 3
TOP OF THE 5TH
Indianapolis Racers batting - Pitching for Ellenburg Fighting Dachsunds : RHP César Albó
Batting: RHB Jong-beom Chang 0-0: Ball
1-0: Fly out, F8 (Line Drive, 8RD, EV 91.9 MPH)
Batting: RHB Dale Epner 0-0: Foul Ball, location: 2F
0-1: Foul Ball, location: 2F
0-2: Foul Ball, location: 2F
0-2: Fly out, F8 (Line Drive, 8RM, EV 107.5 MPH)
Batting: LHB Roberto Vázquez 0-0: Foul Ball, location: 2F
0-1: Ball
1-1: Foul Ball, location: 2F
1-2: Ball
2-2: Ball
3-2: Foul Ball, location: 2F
3-2: Ground out 6-3 (Groundball, 4M, EV 79.4 MPH)
Top of the 5th over - 0 runs, 0 hits, 0 errors, 0 left on base; Indianapolis 2 - Ellenburg 3
BOTTOM OF THE 5TH
Ellenburg Fighting Dachsunds batting - Pitching for Indianapolis Racers : RHP Yan van der Meijden
Batting: RHB Jorge Japón 0-0: Ball
1-0: Swinging Strike
1-1: Called Strike
1-2: Ground out 4-3 (Groundball, 4D, EV 100.0 MPH)
Batting: LHB Chet Clifton 0-0: Ball
1-0: Foul Ball, location: 2F
1-1: Ball
2-1: Foul Ball, location: 2F
2-2: Fly out, F2 (Popup, 23F, EV 81.2 MPH)
Batting: RHB Dean Bush 0-0: Ball
1-0: Swinging Strike
1-1: Ground out 6-3 (Groundball, 6, EV 84.4 MPH)
Bottom of the 5th over - 0 runs, 0 hits, 0 errors, 0 left on base; Indianapolis 2 - Ellenburg 3
TOP OF THE 6TH
Indianapolis Racers batting - Pitching for Ellenburg Fighting Dachsunds : RHP César Albó
Batting: RHB Roberto Vázquez 0-0: Ground out 1-3 (Groundball, 13S, EV 63.1 MPH)
Batting: RHB Mathew Mayo 0-0: Called Strike
0-1: Ball
1-1: Called Strike
1-2: Strikes out swinging
Batting: LHB Gong Mao 0-0: Ball
1-0: Ball
2-0: Swinging Strike
2-1: Ball
3-1: Swinging Strike
3-2: Base on Balls
Batting: RHB Axel Ruschmeyer 0-0: Ball
1-0: Ball
2-0: Called Strike
2-1: Ball
3-1: Fly out, F7 (Line Drive, 7, EV 103.1 MPH)
Top of the 6th over - 0 runs, 0 hits, 0 errors, 1 left on base; Indianapolis 2 - Ellenburg 3
BOTTOM OF THE 6TH
Ellenburg Fighting Dachsunds batting - Pitching for Indianapolis Racers : RHP Yan van der Meijden
Pitching: RHP Dave Berry
Batting: LHB Leslie Small 0-0: Hit by Pitch
Batting: SHB Theron Montecalvo 0-0: Ball
1-0: Called Strike
1-1: Ball
2-1: Ball
3-1: Base on Balls
Leslie Small to second
Batting: RHB Leonard Hammond 0-0: Bunted foul
0-1: Bunted foul
0-2: Fly out, F7 (Flyball, 78S, EV 91.9 MPH)
Batting: LHB Lowell Evans 0-0: Fly out, F8 (Flyball, 89D, EV 95.0 MPH)
Runner from 2nd tags up, SAFE at 3rd, no throw by CF
Batting: RHB Miguel Montés 0-0: Called Strike
0-1: Ground out 4-3 (Groundball, 34, EV 83.8 MPH)
Bottom of the 6th over - 0 runs, 0 hits, 0 errors, 2 left on base; Indianapolis 2 - Ellenburg 3
TOP OF THE 7TH
Indianapolis Racers batting - Pitching for Ellenburg Fighting Dachsunds : RHP César Albó
Now at 2B: Bob Blough
Batting: RHB Spartak Gonjarov 0-0: Ground out 4-3 (Groundball, 4, EV 102.5 MPH)
Batting: RHB Ruby Rhod 0-0: Foul Ball, location: 2F
0-1: Fly out, F9 (Flyball, 9, EV 83.1 MPH)
Batting: RHB Jong-beom Chang 0-0: Ball
1-0: Foul Ball, location: 2F
1-1: Ground out 6-3 (Groundball, 6, EV 82.5 MPH)
Top of the 7th over - 0 runs, 0 hits, 0 errors, 0 left on base; Indianapolis 2 - Ellenburg 3
BOTTOM OF THE 7TH
Ellenburg Fighting Dachsunds batting - Pitching for Indianapolis Racers : RHP Dave Berry
Batting: LHB Tony Worley 0-0: Swinging Strike
0-1: Ball
1-1: Ball
2-1: Foul Ball, location: 2F
2-2: Foul Ball, location: 2F
2-2: Foul Ball, location: 2F
2-2: Foul Ball, location: 2F
2-2: Ball
3-2: Base on Balls
Batting: RHB Jorge Japón 0-0: Sac Bunt to 2R - play at first, batter OUT! 2-4
Tony Worley to second
Batting: LHB Chet Clifton 0-0: Ball
1-0: Foul Ball, location: 2F
1-1: Swinging Strike
1-2: Ball
2-2: Ball
3-2: Foul Ball, location: 2F
3-2: Base on Balls
Batting: RHB Dean Bush 0-0: Ball
1-0: Foul Ball, location: 2F
1-1: Called Strike
1-2: Ball
2-2: Ball
3-2: Foul Ball, location: 2F
3-2: Foul Ball, location: 2F
3-2: Foul Ball, location: 2F
3-2: Base on Balls
Tony Worley to third
Chet Clifton to second
Pitching: LHP Anthony Hood
Batting: LHB Leslie Small 0-0: Ball
1-0: Ball
2-0: Foul Ball, location: 2F
2-1: Ball
3-1: Foul Ball, location: 2F
3-2: Foul Ball, location: 2F
3-2: SINGLE (Groundball, 34D, EV 100.6 MPH)
Tony Worley scores
Chet Clifton to third
Dean Bush to second
Batting: LHB Bob Blough 0-0: Ball
1-0: Ball
2-0: Swinging Strike
2-1: Ball
3-1: Foul Ball, location: 2F
3-2: Strikes out swinging
Batting: RHB Leonard Hammond 0-0: Ball
1-0: Ball
2-0: Ball
3-0: Base on Balls
Chet Clifton scores
Dean Bush to third
Leslie Small to second
Batting: LHB Lowell Evans 0-0: Called Strike
0-1: Ball
1-1: Swinging Strike
1-2: Strikes out looking
Bottom of the 7th over - 2 runs, 1 hit, 0 errors, 3 left on base; Indianapolis 2 - Ellenburg 5
TOP OF THE 8TH
Indianapolis Racers batting - Pitching for Ellenburg Fighting Dachsunds : RHP César Albó
Batting: RHB Dale Epner 0-0: Foul Ball, location: 2F
0-1: Ball
1-1: Ball
2-1: SINGLE (Groundball, 6MD, EV 99.4 MPH)
Pitching: RHP Enrique Castillo
Batting: LHB Roberto Vázquez 0-0: Called Strike
0-1: Ball
1-1: Ball
2-1: Foul Ball, location: 2F
2-2: Strikes out swinging
Batting: RHB Roberto Vázquez 0-0: Grounds into double play, 5-4-3 (Groundball, 56, EV 84.4 MPH)
Top of the 8th over - 0 runs, 1 hit, 0 errors, 0 left on base; Indianapolis 2 - Ellenburg 5
BOTTOM OF THE 8TH
Ellenburg Fighting Dachsunds batting - Pitching for Indianapolis Racers : LHP Anthony Hood
Batting: RHB Miguel Montés 0-0: Ball
1-0: Ground out 6-3 (Groundball, 6, EV 93.1 MPH)
Batting: LHB Tony Worley 0-0: Ground out U3 (Groundball, 34, EV 90.6 MPH)
Batting: RHB Jorge Japón 0-0: Called Strike
0-1: DOUBLE (Groundball, 5L, EV 100.6 MPH)
Batting: LHB Chet Clifton 0-0: Called Strike
0-1: Foul Ball, location: 2F
0-2: Strikes out looking
Bottom of the 8th over - 0 runs, 1 hit, 0 errors, 1 left on base; Indianapolis 2 - Ellenburg 5
TOP OF THE 9TH
Indianapolis Racers batting - Pitching for Ellenburg Fighting Dachsunds : RHP Enrique Castillo
Pitching: RHP Tim Sandaele
Batting: RHB Mathew Mayo 0-0: Ball
1-0: Called Strike
1-1: Ball
2-1: Foul Ball, location: 2F
2-2: Strikes out looking and he physically ARGUES THE CALL AND IS TOSSED!
Batting: LHB Gong Mao 0-0: Foul Ball, location: 2F
0-1: Ball
1-1: Ball
2-1: Foul Ball, location: 2F
2-2: Strikes out swinging
Batting: RHB Axel Ruschmeyer 0-0: Called Strike
0-1: Foul Ball, location: 2F
0-2: Ball
1-2: Ground out 4-3 (Groundball, 4M, EV 101.2 MPH)
Top of the 9th over - 0 runs, 0 hits, 0 errors, 0 left on base; Indianapolis 2 - Ellenburg 5
Wednesday, July 8th, 2020 - OOTP Baseball 20.8 Build 74